 Dungeon Crawl Stone Soup version 0.27.1-34-g3ba077fa99 (webtiles) character file.

Game seed: 5254327749803032702

39 boopmooplesden the Twirler (level 3, -1/30 HPs)
             Began as a Minotaur Gladiator on Jan 1, 2022.
             Slain by a worm (3 damage)
             ... on level 2 of the Dungeon.
             The game lasted 00:01:02 (1479 turns).

boopmooplesden the Twirler (Minotaur Gladiator)     Turns: 1479, Time: 00:01:02

Health: -1/30      AC:  3    Str: 18    XL:     3   Next: 28%
Magic:  2/2        EV: 13    Int:  5    God:
Gold:   12         SH:  0    Dex: 18    Spells: 2/2 levels left

rFire    . . .     SeeInvis .   a - +0 quarterstaff
rCold    . . .     Faith    .   (shield currently unavailable)
rNeg     . . .     Spirit   .   b - +0 leather armour
rPois    .         Reflect  .   c - +0 hat
rElec    .         Harm     .   (no cloak)
rCorr    .         Rampage  .   (no gloves)
Will     .....                  (no boots)
Stlth    +.........             (no amulet)
HPRegen  0.10/turn              o - +6 ring of dexterity
MPRegen  0.08/turn              (no ring)

@: no status effects
A: horns 2, retaliatory headbutt
a: no special abilities


You were on level 2 of the Dungeon.
You visited 1 branch of the dungeon, and saw 2 of its levels.

You collected 12 gold pieces.

Inventory:

Hand Weapons
 a - a +0 quarterstaff (weapon)
Missiles
 d - 3 throwing nets (quivered)
Armour
 b - a +0 leather armour (worn)
 c - a +0 hat (worn)
Jewellery
 o - a +6 ring of dexterity (left hand)
Scrolls
 e - a scroll of enchant armour {unknown}
 i - a scroll of teleportation {unknown}
Potions
 f - a potion of resistance {unknown}
 g - a potion of curing {unknown}
 h - 2 potions of heal wounds {unknown}
 j - a potion of flight {unknown}
 k - a potion of brilliance {unknown}
 l - a potion of lignification {unknown}
 m - a potion of magic {unknown}
 n - a potion of cancellation {unknown}


   Skills:
 + Level 2.8 Fighting
 + Level 4.3 Staves
 + Level 2.1 Throwing
 + Level 1.1 Armour
 + Level 3.8 Dodging


You had 2 spell levels left.
You didn't know any spells.
Your spell library was empty.

Dungeon Overview and Level Annotations

Branches:
Dungeon (2/15)

Altars:
Wu Jian

Annotations:
D:2 Robin


Innate Abilities, Weirdness & Mutations

You have a pair of horns on your head.
You reflexively headbutt those who attack you in melee.


Message History

The goblin hits you with a +0 vampiric dagger.
The goblin draws strength from your wounds!
You hit the goblin.
The goblin is heavily wounded.
The hobgoblin no longer looks unusually strong.
The goblin hits you with a +0 vampiric dagger.
Robin throws the goblin at you! The goblin barely misses you.
You closely miss the goblin. Your headbutt misses the goblin.
The goblin is heavily wounded.
The goblin hits you with a +0 vampiric dagger.
The goblin draws strength from your wounds!
The goblin hits you with a +0 club.
You sock the goblin!
You kill the goblin!
The goblin misses you. You furiously retaliate!
You headbutt the goblin!
You kill the goblin!
You closely miss the hobgoblin. The hobgoblin barely misses you.
The hobgoblin hits you.
You hit the hobgoblin but do no damage.
The hobgoblin no longer looks unusually strong.
The hobgoblin hits you.
You sock the hobgoblin!
You kill the hobgoblin!
You miss the goblin. The goblin hits you with a +0 club.
* * * LOW HITPOINT WARNING * * *
You completely miss the goblin. The goblin hits you but does no damage.
You closely miss the goblin. Your headbutt misses the goblin.
The goblin hits you but does no damage.
You sock the goblin!
You kill the goblin!
You hit the worm. You headbutt the worm.
The worm is moderately wounded.
The worm bites you!
* * * LOW HITPOINT WARNING * * *
You barely miss the worm.
The worm is moderately wounded.
You hit the worm.
The worm is moderately wounded.
The worm bites you.
You die...

..# .........## .# #.#
.#........##.### ..
........#......### .#
#.#........# ...## .##
#.#........##...... ..#####
#.#................ #.
...###.##..#g##.#.#.._.. #
#...#.##.#ww##...# ...
#####.....##.###@>##.......
##....#.......##).# ...#..
...###..........##.......
#.####).......#.# .###....
..# #.............## ....
......#...........# ...
...#.############... .#.#.
##.. . ... ###


You could see 2 worms and a hobgoblin.

Vanquished Creatures
  A worm (D:2)
  2 bats (D:1)
  3 endoplasms (D:1)
  A giant cockroach (D:1)
  10 goblins
  A hobgoblin (D:2)
  3 jackals (D:1)
  A ball python (D:2)
  4 frilled lizards
  2 kobolds
  5 rats (D:1)
33 creatures vanquished.

Vanquished Creatures (others)
  A plant (D:1)
1 creature vanquished.

Grand Total: 34 creatures vanquished

Notes
Turn   | Place    | Note
-------+----------+-------------------------------------------
     0 | D:1      | boopmooplesden the Minotaur Gladiator began the quest for
                  | the Orb.
     0 | D:1      | Reached XP level 1. HP: 18/18 MP: 0/0
    66 | D:1      | Found a faded altar of an unknown god.
   393 | D:1      | Reached XP level 2. HP: 23/25 MP: 1/1
   589 | D:1      | Reached skill level 4 in Staves
   990 | D:1      | Reached skill level 1 in Armour
  1446 | D:2      | Found an ornate altar of the Wu Jian Council.
  1449 | D:2      | Identified the -2 helmet "Juwnyfin" {rF+}
  1449 | D:2      | Noticed Robin
  1459 | D:2      | Reached XP level 3. HP: 29/30 MP: 2/2
  1479 | D:2      | Slain by a worm

Illustrated notes

Levels and vault maps discovered:
D:1:      dpeg_arrival_rooms_c, layout_basic,
          hellmonk_ecumenical_altar_lost_god, chequers_big_river
D:2:      layout_rooms, basic_altar, st_stairs_7, kennysheep_generic_room_10,
          uniq_robin

Skill      XL: |  1  2 |
---------------+-------+-----
Staves         | 4 |  4.3
Armour         | 1 |  1.1
Fighting       | |  2.8
Throwing       | |  2.1
Dodging        | |  3.8

Action                   || total
-------------------------++-------
Melee: Quarterstaff      ||    62
       Headbutt          ||    10
Armor: Leather armour    ||    17
Dodge: Dodged            ||    39
